 Dungeon Crawl Stone Soup version 0.21.1-1-g345015f (webtiles) character file.

100 Alelolelolen the Insei (level 4, -5/29 HPs)
             Began as an Octopode Transmuter on May 9, 2018.
             Killed by divine providence
             ... invoked by an orc priest
              (12 damage)
             ... on level 4 of the Dungeon.
             The game lasted 00:05:32 (3758 turns).

Alelolelolen the Insei (Octopode Transmuter)        Turns: 3758, Time: 00:05:33

Health: -5/29      AC:  2    Str:  9    XL:     4   Next: 74%
Magic:  1/7        EV: 20    Int: 16    God:    Xom [..*...]
Gold:   153        SH:  0    Dex: 17    Spells: 2/8 levels left

rFire    . . .     SeeInvis .     - Unarmed
rCold    . . .     Gourm    .   (shield currently unavailable)
rNeg     . . .     Faith    .   (helmet currently unavailable)
rPois    x         Spirit   .   (no amulet)
rElec    .         Reflect  .   (no ring)
rCorr    .         Harm     .   (no ring)
MR       .....                  (no ring)
Stlth    ++........             (no ring)
HPRegen  0.09/turn              (no ring)
MPRegen  0.10/turn              (no ring)
                                (no ring)
                                (no ring)

@: spider-form (expiring)
A: tiny, almost no armour, stealthy swim, (amphibious), 8 rings, (constrict 8)
a: End Transformation, Renounce Religion


You were on level 4 of the Dungeon.
You worshipped Xom.
You were a toy of Xom.
You were not hungry.
You were a venomous arachnid creature.
You visited 1 branch of the dungeon, and saw 4 of its levels.

You collected 153 gold pieces.

Inventory:

Missiles
 q - 24 arrows
Jewellery
 r - an uncursed ring of ice {unknown}
 s - an uncursed amulet of regeneration {unknown}
Scrolls
 a - a scroll of enchant armour {unknown}
 d - 4 scrolls of amnesia {unknown}
 e - a scroll of blinking {unknown}
 f - a scroll of identify
 g - a scroll of fog {unknown}
 h - a scroll of fear
 l - a scroll of teleportation {unknown}
 o - 3 scrolls of remove curse {unknown}
 v - a scroll of magic mapping {unknown}
Potions
 i - a potion of heal wounds {unknown}
 j - a potion of magic {unknown}
 k - 3 potions of degeneration {unknown}
 m - a potion of haste {unknown}
 p - 2 potions of agility {unknown}
 t - 2 potions of curing {unknown}
 u - a potion of flight {unknown}
Books
 b - a book of Changes

   Spells                             Type                      Level
   a - Beastly Appendage              Transmutation                1
   b - Sticks to Snakes               Transmutation                2
   c - Spider Form                    Transmutation/Poison         3
   d - Ice Form                       Ice/Transmutation            4
   e - Blade Hands                    Transmutation                5
 n - a book of Misfortune

   Spells                             Type                      Level
   a - Confusing Touch                Hexes                        1
   b - Confuse                        Hexes                        3
   c - Gell's Gravitas                Translocation                3
   d - Petrify                        Transmutation/Earth          4
   e - Metabolic Englaciation         Hexes/Ice                    5
   f - Yara's Violent Unravelling     Hexes/Transmutation          5
Comestibles
 c - 5 rations


   Skills:
 + Level 2.0 Fighting
 + Level 2.7 Dodging
 + Level 3.5 Unarmed Combat
 + Level 2.5 Spellcasting
 + Level 2.8 Transmutations


You had 2 spell levels left.
You knew the following spells:

 Your Spells              Type           Power        Failure   Level  Hunger
a - Beastly Appendage     Tmut           ##....       17%         1    #......
b - Sticks to Snakes      Tmut           ##......     24%         2    ##.....
c - Spider Form           Tmut/Pois      #.........   54%         3    ###....


Dungeon Overview and Level Annotations

Branches:
Dungeon (4/15)
 Temple: D:4-7

Altars:
Fedhas
Kikubaaqudgha
Xom


Innate Abilities, Weirdness & Mutations

You cannot wear most types of armour.
You are very stealthy in the water. (Stealth+)
((You are amphibious.))
You can wear up to eight rings at the same time.
((You can use your tentacles to constrict eight enemies at once.))
((Your skin changes colour to match your surroundings (Stealth+).))
((Your rubbery body absorbs attacks. (AC +1, EV +1)))


Message History

The orc priest mumbles some strange prayers to Beogh against you.
Beogh smites you!
* * * LOW HITPOINT WARNING * * *
You see here a short sword.
The orc priest looks braver for a moment. x2
Your transformation is almost over.
The orc priest mumbles some strange prayers to Beogh against you.
You barely resist.
You hit the orc priest but do no damage.
The orc priest is poisoned.
The orc priest misses your adder. The orc priest completely misses you.
The orc priest looks encouraged for a moment.
Your adder bites the orc priest.
You hit the orc priest.
The orc priest looks as sick as possible!
The orc priest is heavily wounded.
The orc priest calls down the wrath of Beogh upon you.
Beogh smites you!
You die...
Xom chortles!

..oS..... #........ #S(......
#o# #)## ##########(S#
#......bb...# #
###+##+#####S#########.#.#.##
.........)..so..o.oo.........
..##.#.#####.#..#......###.##
... #.#..#..#......o# #.#..
#.#..#.b##.##.... # #..
#.#..#...........# ..>
#.#..#..#...##.#.# ####
#.#..#..#.#.# . #
..#........o. .. ##.# #o{


You could see 3 orc priests, an orc wizard and a friendly adder.

Vanquished Creatures
  An adder (D:3)
  A worm (D:3)
  5 dart slugs (D:1)
  2 leopard geckos (D:2)
  2 orcs (D:3)
  6 giant cockroaches
  8 goblins
  4 hobgoblins
  3 jackals (D:2)
  A quokka (D:3)
  A ball python (D:3)
  6 bats (D:1)
  4 frilled lizards
  7 kobolds
  7 rats
58 creatures vanquished.

Vanquished Creatures (collateral kills)
  An adder (D:2)
  An ooze (D:2)
  A leopard gecko (D:1)
  2 orcs (D:4)
  A jackal (D:2)
  A bat (D:2)
  A frilled lizard (D:1)
  2 rats
10 creatures vanquished.

Vanquished Creatures (others)
  A human (D:3)
1 creature vanquished.

Grand Total: 69 creatures vanquished

Notes
Turn   | Place    | Note
-------+----------+-------------------------------------------
     0 | D:1      | Alelolelolen the Octopode Transmuter began the quest for the Orb.
     0 | D:1      | Reached XP level 1. HP: 13/13 MP: 3/3
   365 | D:1      | Reached XP level 2. HP: 17/18 MP: 3/5
   547 | D:1      | Reached XP level 3. HP: 13/23 MP: 6/6
   599 | D:1      | Learned a level 2 spell: Sticks to Snakes
   603 | D:1      | Learned a level 3 spell: Spider Form
  1435 | D:2      | Found a blossoming altar of Fedhas.
  1512 | D:2      | Reached XP level 4. HP: 16/29 MP: 2/7
  2889 | D:3      | Found a shimmering altar of Xom.
  2915 | D:3      | Became a worshipper of Xom the Capricious
  3424 | D:3      | Found an ancient bone altar of Kikubaaqudgha.
  3425 | D:3      | Noticed a human
  3427 | D:3      | Killed a human
  3705 | D:4      | XOM: butterfly on damage
  3716 | D:4      | XOM: potion effect (curing)
  3758 | D:4      | Killed from afar by an orc priest

Skill      XL: |  1  2  3  4 |
---------------+-------------+-----
Fighting       | 2 |  2.0
Dodging        | |  2.7
Unarmed Combat | |  3.5
Spellcasting   | |  2.5
Transmutations | |  2.8

Action                   |  1- 3 |  4- 6 || total
-------------------------+-------+-------++-------
Melee: Unarmed           |    70 |    68 ||   138
       Constrict         |    28 |     9 ||    37
       Tentacles         |    12 |     6 ||    18
       Kick              |     7 |       ||     7
       Punch             |     2 |       ||     2
 Cast: Beastly Appendage |     8 |       ||     8
       Sticks to Snakes  |    11 |     4 ||    15
       Spider Form       |       |    12 ||    12
  Use: Scroll            |       |     2 ||     2
 Stab: Sleeping          |     3 |     2 ||     5
  Eat: Chunk             |     2 |     7 ||     9
       Ration            |       |     1 ||     1
Armor: Skin              |     7 |     5 ||    12
Dodge: Dodged            |    83 |    37 ||   120
